 Dungeon Crawl Stone Soup version 0.14-a0-1444-g21dc12d (webtiles) character file.

110284 PolkaDot the Cloud Mage (level 16, -13/96 HPs)
             Began as a Vampire Conjurer on Dec 13, 2013.
             Was the Champion of Vehumet.
             Shot with a bolt of flame by a yaktaur (19 damage)
             ... on Level 16 of the Dungeon.
             The game lasted 05:59:59 (79953 turns).

PolkaDot the Cloud Mage (Vampire Conjurer)         Turns: 79953, Time: 05:59:59

HP -13/96        AC 15     Str 10      XL: 16   Next:  5%
MP  24/36        EV 16     Int 20      God: Vehumet [******]
Gold 722         SH  7     Dex 15      Spells:  9 memorised,  3 levels left

rFire  x . .     SeeInvis +     w - staff of cold
rCold  + + +     Clarity  +     J - +3 steam dragon armour
rNeg   + + +     Conserve .     A - +0 orc buckler
rPois  +         rCorr    .     (no helmet)
rElec  .         rRot     +     s - +0 cloak
SustAb . .       Spirit   .     H - +0 pair of gloves
rMut   .         Warding  .     (no boots)
Saprov . . .     Stasis   .     K - amulet of clarity
                                P - +5 ring of protection
                                N - ring of ice

@: non-regenerating, invisible, very slightly contaminated, quite resistant to
hostile enchantments, stealthy
A: bottle blood, fangs 3, see invisible, (spit poison 0), strong 1, unbreathing
a: Bat Form, Bottle Blood, Renounce Religion


You were on level 16 of the Dungeon.
You worshipped Vehumet.
Vehumet was exalted by your worship.
You were bloodless.

You visited 3 branches of the dungeon, and saw 25 of its levels.

You collected 1646 gold pieces.
You spent 924 gold pieces at shops.

Inventory:

Hand weapons
 a - a +3,+5 scimitar of freezing
 G - the +9,+9 hand axe of Noon {speed, rF+}
   (You found it on level 5 of the Lair of Beasts)

   Attacks with this weapon take half as long, but cause slightly less damage.
   It protects you from fire.
Armour
 s - a +0 cloak (worn)
 A - a +0 orcish buckler (worn)
 H - a +0 pair of gloves (worn)
 J - a +3 steam dragon armour (worn)
Magical devices
 d - a wand of fireball (1)
 z - a wand of invisibility (3)
 E - a wand of digging (12)
 L - a wand of digging (10)
 R - a wand of hasting (7)
Scrolls
 c - a scroll of enchant weapon II
 f - a scroll of fear
 h - a scroll of amnesia
 j - 5 scrolls of blinking
 k - a scroll of vulnerability
 l - a scroll of immolation
 n - 2 scrolls of recharging
 p - 2 scrolls of magic mapping
 q - 3 scrolls of remove curse
 r - 2 scrolls of enchant armour
 v - 2 scrolls of fog
 x - 2 scrolls of identify
Jewellery
 e - an uncursed amulet of resist corrosion
 g - an uncursed ring of protection from cold
 m - an uncursed ring of flight
 K - an amulet of clarity (around neck)
 M - an uncursed ring of sustain abilities
 N - a ring of ice (left hand)
 P - a +5 ring of protection (right hand)
 Q - an uncursed ring of sustain abilities
Potions
 i - a potion of cure mutation {!q}
 u - 2 potions of heal wounds
 B - a potion of resistance
 C - 5 potions of restore abilities
 D - 4 potions of curing
 F - 2 potions of brilliance
 I - a potion of speed
 S - a potion of lignification
Books
 t - a book of Wizardry

   Spells                             Type                      Level
   Summon Elemental                   Summoning                    4
   Agony                              Necromancy                   5
   Force Lance                        Conjuration                  5
   Fireball                           Conjuration/Fire             5
   Haste                              Charms                       6
   Invisibility                       Hexes                        6
 y - a book of Ice

   Spells                             Type                      Level
   Freezing Aura                      Charms/Ice                   2
   Ensorcelled Hibernation            Hexes/Ice                    2
   Ozocubu's Refrigeration            Ice                          6
   *Bolt of Cold                      Conjuration/Ice              6
   Freezing Cloud                     Conjuration/Ice/Air          6
   Metabolic Englaciation             Hexes/Ice                    6
   Simulacrum                         Ice/Necromancy               6
 O - a book of Annihilations

   Spells                             Type                      Level
   Poison Arrow                       Conjuration/Poison           6
   Chain Lightning                    Conjuration/Air              8
   Lehudib's Crystal Spear            Conjuration/Earth            8
   Ice Storm                          Conjuration/Ice              9
   Fire Storm                         Conjuration/Fire             9
Magical staves
 w - an uncursed staff of cold (weapon)


   Skills:
 - Level 8.1 Dodging
 - Level 3.0 Stealth
 - Level 12.9 Spellcasting
 - Level 10.4 Conjurations
 - Level 6.8 Hexes
 + Level 13.6 Ice Magic
 * Level 14.2 Air Magic
 - Level 5.0 Poison Magic


You had 3 spell levels left.
You knew the following spells:

 Your Spells              Type           Power        Failure   Level  Hunger
a - Airstrike             Air            ######....   1%          4    None
c - Poisonous Cloud       Conj/Pois/Air  ######....   4%          6    #####..
d - Throw Icicle          Conj/Ice       #######.     1%          4    None
f - Fulminant Prism       Conj/Hex       #####.....   1%          5    ###....
q - Blink                 Tloc           N/A          12%         2    None
s - Searing Ray           Conj           ######       1%          2    None
x - Bolt of Cold          Conj/Ice       #######...   2%          6    #####..
z - Static Discharge      Conj/Air       ######..     1%          3    None
X - Lightning Bolt        Conj/Air       ######....   1%          5    ###....


Dungeon Overview and Level Annotations

Branches:
Dungeon (16/16)            Temple (1/1) D:5             Orc (0/4) D:10
   Lair (8/8) D:8          Shoals (0/5) Lair:5       Spider (0/5) Lair:3
  Slime (0/6) Lair:7       Vaults (0/5) D:14         Depths (0/6) D:16

Altars:
Ashenzari
Cheibriados
Elyvilon
Fedhas
Makhleb
Nemelex Xobeh
Sif Muna
Trog
Vehumet
Xom
Yredelemnul
Zin
the Shining One
Lugonu

Shops:
D:15 /

Portals:
Trove: D:15 (give +4 gold dragon armour)


Innate Abilities, Weirdness & Mutations

You do not heal naturally.
You can bottle blood from corpses.
You have razor-sharp teeth.*
You have supernaturally acute eyesight.
You can survive without breathing.*
((You can spit poison.))+ Your muscles are strong. (Str +2)


Message History

You feel your power returning.
You feel a bit more experienced.
The two-headed ogre is engulfed in poison gas.
Press: ? - help, v - describe, . - travel
Here: a yaktaur, wielding a crossbow of flame and wearing a ruby ring (poison gas, lightly wounded, poisoned)
The floor.
Unknown command.
The yaktaur is engulfed in poison gas.
The yaktaur looks even sicker.
The two-headed ogre is engulfed in poison gas.
A yaktaur comes into view.
You kill the two-headed ogre!
Vehumet accepts your kill.
You feel your power returning.
The yaktaur is engulfed in poison gas.
The yaktaur looks even sicker.
The yaktaur shoots a bolt of flame.
The bolt of flame hits you! The fire burns you terribly!
* * * LOW HITPOINT WARNING * * *
You see here a bolt.
The yaktaur is engulfed in poison gas.
The yaktaur looks even sicker.
The yaktaur shoots a bolt of flame.
The bolt of flame hits you! The fire burns you terribly!
You die...

#......######## #............
##..8.###.....########'##########
###...##.......##......# #
##.....#####.>#......# #
#####.......##.####.# #
##.....##..####%#### #
########..##..<...# # ''###
#..##......# #
...#####@..#......'... #
.........(.c......'... #
#.######§##......#.##
#####'######§####'####.#
/#.........##§# #
#.#.........'§c####.###
#.##.#.........##§§§!c§§§§
#.##.#.........##§§§.O.§c§
#.##.#.........#####..###


You could see 2 yaktaurs.

Vanquished Creatures
  Rupert (D:15)
  3 fire dragons
  An ice dragon (D:16)
  Fannar (D:13)
  10 hydras
  Harold (D:13)
  Josephine (D:11)
  Nessos (D:14)
  Erica (Lair:1)
  11 death yaks
  An ogre mage (D:16)
  A fire crab (shapeshifter) (D:15)
  3 centaur warriors
  5 unseen horrors
  Erolcha (D:11)
  Joseph (D:11)
  7 hill giants
  An orc knight (D:16)
  2 cyclopes
  A black mamba (shapeshifter) (D:16)
  3 griffons
  16 elephants
  6 black mambas
  5 fire drakes
  Psyche (D:10)
  An orb spider (Lair:3)
  19 spiny frogs
  8 komodo dragons
  A yaktaur (D:16)
  A fire drake (shapeshifter) (D:14)
  A hydra zombie (D:11)
  7 trolls
  4 giant leeches (Lair:8)
  48 blink frogs
  4 two-headed ogres
  A trapdoor spider zombie (D:9)
  A boulder beetle (Lair:6)
  23 slime creatures
  5 basilisks
  A griffon zombie (D:15)
  A raven (shapeshifter) (D:13)
  2 fire dragon zombies
  A trapdoor spider (D:11)
  The ghost of Bnni the Changer, an average FoTm of Cheibriados (D:3)
  A tarantella (shapeshifter) (D:11)
  A griffon skeleton (D:16)
  2 shadows
  19 vampire mosquitoes
  7 wyverns
  20 ugly things
  13 sharks
  A wraith (D:13)
  Eustachio (D:4)
  2 hill giant zombies
  44 yaks
  12 hippogriffs
  4 hungry ghosts
  4 manticores
  4 molten gargoyles (D:10)
  A steam dragon (Lair:6)
  14 wolves
  A soldier ant (shapeshifter) (D:15)
  Edmund (D:8)
  A necrophage (D:4)
  A mottled dragon (D:14)
  3 sky beasts
  7 orc warriors
  8 porcupines
  2 yellow wasps
  7 ice beasts
  5 giant goldfish
  5 phantoms
  A black bear (D:6)
  6 ogres
  9 centaurs
  Sigmund (D:2)
  Duvessa (D:4)
  17 big kobolds
  25 crocodiles
  A komodo dragon zombie (D:13)
  33 giant frogs
  9 giant slugs
  2 boring beetles
  4 gnoll sergeants
  A warg (D:8)
  Blork the orc (D:4)
  19 water moccasins
  A cyclops zombie (D:13)
  2 manticore skeletons (D:11)
  6 agate snails
  2 yak zombies
  A yak skeleton (D:12)
  8 killer bees
  7 wights (D:8)
  18 hounds
  9 jellyfish
  5 electric eels
  9 crimson imps
  2 quasits
  Dowan (D:4)
  7 jellies
  6 goliath beetles
  14 orc priests
  9 scorpions
  6 big fish
  A giant frog skeleton (D:11)
  7 iguanas
  16 orc wizards
  A gnoll shaman (D:4)
  13 worker ants
  15 sheep
  An ogre zombie (D:11)
  An ogre skeleton (D:10)
  A mummy (D:6)
  A two-headed ogre simulacrum (D:11)
  22 gnolls
  30 adders
  83 green rats
  9 giant centipedes
  3 giant mites
  9 worms
  An adder skeleton (D:4)
  An iguana skeleton (D:5)
  2 giant eyeballs
  10 giant geckos
  6 oozes
  56 orcs
  27 bats
  8 goblins
  17 hobgoblins
  39 jackals
  38 kobolds
  14 quokkas
  5 giant cockroaches
  12 giant newts
  2 giant spores
  A gnoll skeleton (D:5)
  A goblin skeleton (D:4)
  2 hobgoblin zombies
  A kobold skeleton (D:3)
  A kobold zombie (D:6)
  2 orc skeletons
  2 orc zombies (D:6)
  35 rats
  A ballistomycete (D:11)
  4 fungi
1150 creatures vanquished.

Vanquished Creatures (others)
  A shadow (D:16)
  An ugly thing (D:16)
  2 big kobolds (D:7)
  An orc wizard (D:8)
  47 fulminant prisms
  A worm zombie (D:8)
  An adder (Lair:7)
  2 hobgoblin zombies (D:6)
  22 fungi
  37 plants
115 creatures vanquished.

Grand Total: 1265 creatures vanquished

Notes
Turn   | Place    | Note
--------------------------------------------------------------
     0 | D:1      | PolkaDot, the Vampire Conjurer, began the quest for the Orb.
     0 | D:1      | Reached XP level 1. HP: 13/13 MP: 3/3
   335 | D:1      | Reached XP level 2. HP: 19/19 MP: 0/4
   628 | D:1      | Learned a level 2 spell: Searing Ray
   789 | D:1      | Found a sparkling altar of Nemelex Xobeh.
   971 | D:1      | Reached XP level 3. HP: 12/24 MP: 1/6
  1648 | D:2      | Noticed Sigmund
  1660 | D:2      | Gained mutation: Your muscles are strong. (Str +2) [potion of beneficial mutation]
  1741 | D:2      | Killed Sigmund
  1741 | D:2      | Reached skill level 4 in Conjurations
  1741 | D:2      | Reached XP level 4. HP: 30/30 MP: 4/8
  1874 | D:2      | Found a basalt altar of Yredelemnul.
  2400 | D:3      | Noticed Bnni's ghost (average FoTm)
  2405 | D:3      | Learned a level 4 spell: Iskenderun's Mystic Blast
  2430 | D:3      | Killed Bnni's ghost
  2430 | D:3      | Reached skill level 5 in Conjurations
  2430 | D:3      | Reached XP level 5. HP: 26/35 MP: 0/11
  2430 | D:3      | Reached XP level 6. HP: 30/41 MP: 0/12
  3573 | D:3      | Found a burning altar of Makhleb.
  3901 | D:4      | Noticed Blork the orc
  3929 | D:4      | Killed Blork the orc
  3929 | D:4      | Reached skill level 6 in Conjurations
  3929 | D:4      | Reached XP level 7. HP: 34/46 MP: 5/14
  4028 | D:4      | Noticed Duvessa
  4097 | D:4      | Noticed Eustachio
  4114 | D:4      | Killed Eustachio
  4216 | D:4      | Noticed Dowan
  4235 | D:4      | Killed Dowan
  4237 | D:4      | Killed Duvessa
  4237 | D:4      | Reached skill level 7 in Conjurations
  4962 | D:4      | Reached XP level 8. HP: 44/52 MP: 2/16
  5244 | D:4      | Learned a level 5 spell: Fulminant Prism
  5322 | D:4      | Reached skill level 1 in Hexes
  5707 | D:4      | Reached skill level 8 in Conjurations
  5737 | D:5      | Entered Level 5 of the Dungeon
  6461 | D:5      | Found a staircase to the Ecumenical Temple.
  6513 | Temple   | Entered the Ecumenical Temple
  6551 | Temple   | Became a worshipper of Sif Muna the Loreminder
  6719 | D:5      | Found a white marble altar of Elyvilon.
  7374 | D:6      | Reached skill level 5 in Hexes
  7374 | D:6      | Reached XP level 9. HP: 25/57 MP: 9/17
  7477 | D:6      | Reached skill level 9 in Conjurations
  7563 | D:6      | Acquired Sif Muna's first power
  7734 | D:6      | Found a radiant altar of Vehumet.
  7994 | Temple   | Fell from the grace of Sif Muna
 31324 | Temple   | Was forgiven by Sif Muna
 31447 | D:6      | Became a worshipper of Vehumet
 31453 | D:6      | Learned a level 4 spell: Throw Icicle
 31565 | D:6      | Learned a level 2 spell: Searing Ray
 31764 | D:6      | Reached skill level 1 in Ice Magic
 33249 | D:7      | Acquired Vehumet's first power
 33249 | D:7      | Offered knowledge of Shock by Vehumet.
 33252 | D:7      | Learned a level 1 spell: Shock
 33329 | D:7      | Reached skill level 1 in Air Magic
 33392 | D:7      | Learned a level 2 spell: Blink
 33644 | D:7      | Reached skill level 10 in Conjurations
 33646 | D:7      | Reached XP level 10. HP: 42/63 MP: 4/19
 33660 | D:7      | Offered knowledge of Throw Flame by Vehumet.
 34082 | D:8      | Found a glowing golden altar of the Shining One.
 34083 | D:8      | Found a glowing silver altar of Zin.
 34084 | D:8      | Found a bloodstained altar of Trog.
 34333 | D:8      | Found a staircase to the Lair.
 34334 | D:8      | Noticed Edmund
 34355 | D:8      | Learned a level 2 spell: Throw Flame
 34363 | D:8      | Killed Edmund
 34566 | D:8      | dondy: i see you murdered that VpEn? >.>
 34566 | D:8      | PolkaDot: ?
 34566 | D:8      | PolkaDot: Last night's?
 34566 | D:8      | PolkaDot: The one that died to the Lernaean?
 34566 | D:8      | dondy: oh wait, i totally forgot you died to - yeah
 34566 | D:8      | PolkaDot: xD
 34566 | D:8      | dondy: I TRUSTED YOUUUUUU~
 34566 | D:8      | PolkaDot: Not the most embarrassing death
 34566 | D:8      | PolkaDot: though
 34566 | D:8      | PolkaDot: having reflected
 34566 | D:8      | PolkaDot: I did let myself get boxed by it's room when I knew bog's kept opening the damned door
 34566 | D:8      | dondy: lol
 34566 | D:8      | PolkaDot: So learned a thing; KILL BOGS
 34566 | D:8      | PolkaDot: (also, don't get corned by the biggest baddest hydra)
 34566 | D:8      | dondy: kiku reasons: one hit bogs with dispel undead
 34566 | D:8      | PolkaDot: :o
 34566 | D:8      | dondy: dispel undead is even the only guaranteed spell from kiku -.-'
 34566 | D:8      | PolkaDot: Veh reasons: one hit bogs with appropriate spell level spell pof your choosing ;p
 34566 | D:8      | dondy: -3 Conjuration XP
 34576 | D:8      | PolkaDot: Yup
 34576 | D:8      | PolkaDot: But
 34576 | D:8      | PolkaDot: BOOKS
 34576 | D:8      | PolkaDot: Veh will help me
 34576 | D:8      | PolkaDot: :)
 34576 | D:8      | PolkaDot: wizardry, to get it castable
 34576 | D:8      | PolkaDot: every skill point into INT for power/success
 34576 | D:8      | dondy: wizardry is poop though if you don't have the POWAH :>
 34576 | D:8      | PolkaDot: and
 34576 | D:8      | PolkaDot: I have decent element apts
 34576 | D:8      | PolkaDot: so, Air
 34576 | D:8      | PolkaDot: for the flexibility
 34576 | D:8      | PolkaDot: because R/DMsl, swift and Flight
 34576 | D:8      | PolkaDot: though
 34576 | D:8      | PolkaDot: I do have flight on demand
 34576 | D:8      | PolkaDot: so it's more about the former two :)
 34666 | D:8      | dondy: another topic, did you see my baller mibe? xD
 34669 | D:8      | PolkaDot: No?
 34680 | D:8      | dondy: http://pastebin.com/BwPP6edj
 34690 | D:8      | dondy: that guy was so stupid strong
 34690 | D:8      | PolkaDot: congrats :)
 34690 | D:8      | PolkaDot: and a rather nice great sword
 34690 | D:8      | dondy: not only that, the armour and the slaying ring
 34690 | D:8      | PolkaDot: I saw
 34690 | D:8      | dondy: also a clarity amulet with slaying - all gotten around lair xD
 34690 | D:8      | PolkaDot: xD
 34690 | D:8      | PolkaDot: How come you maxed out Armour skill first?
 34690 | D:8      | dondy: i had 26 fighting before and accidentially maxed armour after
 34690 | D:8      | PolkaDot: xD
 34690 | D:8      | dondy: wanted to have the slaying title :<
 34690 | D:8      | dondy: "Slayer"
 34690 | D:8      | PolkaDot: :o
 34690 | D:8      | dondy: but invulnerable is also a decent title
 34690 | D:8      | PolkaDot: Quite so :)
 34809 | D:8      | dondy: also, ofc the music helped ;]
 34809 | D:8      | Somebody: Hi. I have made an amazing discovery: "You convulse!" produced by revenants hurts a *lot*. Fortunately I still unlive.
 34824 | D:8      | dondy: lol
 34824 | D:8      | PolkaDot: Yes. Yes it does.
 34824 | D:8      | dondy: yes, holy wrath does hurt liches alot
 34824 | D:8      | PolkaDot: Holy wrath?
 34824 | D:8      | Somebody: It's dispelling, not holy wrath. Potentially, up to about 90 damage.
 34824 | D:8      | dondy: esp. on guys like mennas
 34824 | D:8      | PolkaDot: From a revenant?
 34824 | D:8      | dondy: oh, dispel undead?
 34824 | D:8      | PolkaDot: silly dondy :p
 34824 | D:8      | dondy: i dunnoh revedoods :<
 34824 | D:8      | PolkaDot: ^^;
 34824 | D:8      | PolkaDot: Next time I get to crypt, I am so getting revenge on them
 34824 | D:8      | dondy: oh crypt doods - no wonder i dunnoh revedoods :<
 34824 | D:8      | PolkaDot: :p
 34824 | D:8      | Somebody: I have had a feeling that I've played a dispelling duel with a few yet.
 34824 | D:8      | PolkaDot: you have dah powah!
 34883 | D:8      | Somebody: ...fortunately, my spellpower is better and I've always been able to get the first shot. Haste will actually ecome life-savingly useful now.
 34988 | D:8      | PolkaDot: :D
 34988 | D:8      | PolkaDot: Haste ftw
 35025 | D:8      | dondy: haste is so stupid strong :<
 35025 | D:8      | PolkaDot: and it's *always life-savingly useful ;)
 35067 | D:8      | Noticed a hill giant
 35182 | D:8      | Somebody: I am also glad that my quick blade of pain obliterates ettins, but I need more EV and HP for this to hurt less.
 35182 | D:8      | dondy: my mibe took out half of vault:5 with a berserk and a fast pot after that xD
 35182 | D:8      | Somebody: Good.
 35186 | D:8      | Killed a hill giant
 35186 | D:8      | Reached skill level 5 in Spellcasting
 35187 | D:8      | dondy: ohh, throw icicle is neat - full power it! :)
 35187 | D:8      | PolkaDot: I am
 35187 | D:8      | Somebody: Also, ettin simulacra hurt even cold-immune undead *a lot*.
 35187 | D:8      | PolkaDot: because ettin :D
 35345 | D:8      | Offered knowledge of Static Discharge by Vehumet.
 35484 | D:8      | Somebody: They are also instant minion-six pack plus one skeleton free... from one corpse. :)
 35484 | D:8      | dondy: simulacra is definitely nice :3
 35507 | D:9      | dondy: esp when you can pick your chunks x3
 35586 | D:9      | dondy: somehow necromancy without kiku seems so lame :<
 35611 | D:9      | Acquired Vehumet's second power
 35626 | D:9      | Somebody: 'h' is Haunt, 'a' is Apportation and 'e' is Regeneration. What key do you think fits Haste better: 's' or 't'?
 35668 | D:9      | Somebody: "Kikubaaqudgha says: Drown the unbelievers in the sea of minions!"
 35668 | D:9      | PolkaDot: s, for Speed! :D
 35798 | D:9      | Somebody: You are probably right.
 35806 | D:9      | PolkaDot: ;)
 35811 | D:9      | Somebody: ...but 't' can stand for "take that, foo, I yet unlive!"
 35811 | D:9      | PolkaDot: XD
 35989 | D:9      | dondy: throw flame ;[
 35989 | D:9      | Somebody: 's' key, however is under a stronger finger under my Colemak layout, so it'll be 's'.
 36079 | D:9      | PolkaDot: that was irritating
 36079 | D:9      | PolkaDot: back space didn't delete, it took me back a page >.<
 36079 | D:9      | dondy: dunnoh, i just keep the spells in the order they come
 36079 | D:9      | PolkaDot: I have... a less then entirely logical system
 36079 | D:9      | PolkaDot: :D
 36145 | D:9      | dondy: dunnoh, i find sorting spells pretty annoying and actually i have the spells in muscle memory rather fast
 36145 | D:9      | dondy: so changing them afterwards makes me do stupid stuff
 36145 | D:9      | PolkaDot: ^
 36145 | D:9      | PolkaDot: exactly why I have the system
 36145 | D:9      | PolkaDot: 'a' is the generic go to that doesn't use too much mp
 36145 | D:9      | dondy: so searing ray should be a :p
 36145 | D:9      | PolkaDot: it should
 36145 | D:9      | PolkaDot: but before I got the system, it was a;lways s
 36145 | D:9      | dondy: because throw flame is actually poop :p
 36145 | D:9      | PolkaDot: so, changing it now would be silly
 36145 | D:9      | PolkaDot: I can see that
 36145 | D:9      | PolkaDot: especially with the lack of power
 36145 | D:9      | PolkaDot: gods kno why I got it >.<
 36145 | D:9      | dondy: dunnoh, i prefer my system xD
 36145 | D:9      | PolkaDot: AMneeeeesia
 36145 | D:9      | Somebody: I have had the same probem for a short bit when I've changed 'p' and 'P' around.
 36145 | D:9      | PolkaDot: S D F are always Swift Deflect/Repel and Flight :D
 36145 | D:9      | dondy: just don't sort your spells - it helps x3
 36145 | D:9      | Somebody: PolkaDot: Isn't a horrible, horrible thing to do, in your book? :p
 36145 | D:9      | PolkaDot: somebody: only if you're doing it too much ;p
 36145 | D:9      | dondy: though i guess if you have those keys in your RC it could be rather convenient
 36145 | D:9      | Somebody: PolkaDot: Dondy: There's a "spell_slot" option in your rc file.
 36145 | D:9      | dondy: yeh, that's what i meant
 36145 | D:9      | Somebody: dondy: I do.
 36145 | D:9      | PolkaDot: I *really* should look into these things
 36145 | D:9      | PolkaDot: I have th epages for the info bookmarked >.>;
 36145 | D:9      | dondy: but then, the game is ususally a bitch so that spell_slot option might just never apply x3
 36149 | D:9      | Learned a level 3 spell: Static Discharge
 36149 | D:9      | PolkaDot: xD
 36149 | D:9      | Somebody: It's nothing, you can set "if you.clas == foo" options.
 36149 | D:9      | Somebody: ...and multiple keys.
 36226 | D:9      | Somebody: ...or something.
 36393 | D:9      | PolkaDot: sliiiimes
 36393 | D:9      | Somebody: Also, there's a surprising amount of good corpses in Crypt, your Necro skill is good.
 36393 | D:9      | PolkaDot: brb, need to get laptop charger
 36393 | D:9      | Somebody: Take care.
 36393 | D:9      | Somebody: I'll get to my character.
 36404 | D:9      | Offered knowledge of Airstrike by Vehumet.
 36686 | D:9      | Reached skill level 5 in Air Magic
 37354 | Lair:1   | Entered Level 1 of the Lair of Beasts
 37378 | Lair:1   | Reached XP level 11. HP: 68/68 MP: 17/25
 37819 | Lair:1   | Noticed a black mamba
 37825 | Lair:1   | Killed a black mamba
 38113 | Lair:1   | Learned a level 4 spell: Airstrike
 38129 | Lair:1   | Noticed Erica
 38135 | Lair:1   | dondy: TAB HURR
 38158 | Lair:1   | Killed Erica
 38269 | Lair:1   | dondy: gud! :3
 38275 | Lair:1   | PolkaDot: :D
 38275 | Lair:1   | dondy: now find a hydra to use that scimitar on! :}
 38275 | Lair:1   | PolkaDot: XD
 38275 | Lair:1   | PolkaDot: bubtubut
 38275 | Lair:1   | PolkaDot: BLASTY
 38275 | Lair:1   | dondy: SHUSH! :p
 38276 | Lair:1   | PolkaDot: ;p
 38330 | Lair:1   | dondy: (even casters need melee - sadly)
 38332 | Lair:1   | PolkaDot: I know
 38332 | Lair:1   | PolkaDot: Whittle the health down with blastiness
 38332 | Lair:1   | PolkaDot: finish it off with burning slicy :)
 38385 | Lair:1   | dondy: it's so silly, why should a DE want to go into melee with nasty crap
 38385 | Lair:1   | PolkaDot: Well, they don't
 38385 | Lair:1   | dondy: because mana is always too low :[
 38385 | Lair:1   | PolkaDot: quite
 38397 | Lair:1   | dondy: oh you have airstrike? :)
 38426 | Lair:1   | dondy: nado to? :3
 38467 | Lair:1   | PolkaDot: not yet
 38467 | Lair:1   | PolkaDot: but that is the plan
 38467 | Lair:1   | PolkaDot: If I don't find it, Veh will gift
 38467 | Lair:1   | dondy: good plan :)
 38467 | Lair:1   | PolkaDot: and Ice storm
 38467 | Lair:1   | PolkaDot: though that'll be harder to get going properly
 38467 | Lair:1   | dondy: tornado is way more stylish than icestorm
 38467 | Lair:1   | PolkaDot: So, 'nado's my goto :)
 38467 | Lair:1   | PolkaDot: also, I saw it once
 38467 | Lair:1   | PolkaDot: it LOOKS cooler
 38467 | Lair:1   | PolkaDot: swirly goodness!
 38477 | Lair:1   | dondy: indeed, unless you're a chei guy
 38533 | Lair:1   | PolkaDot: ?
 38533 | Lair:1   | dondy: the nado just disappears if you move because you're so slow that the clouds dissipate
 38533 | Lair:1   | PolkaDot: o.O
 38533 | Lair:1   | PolkaDot: Why would your movement affect the spell?
 38533 | Lair:1   | PolkaDot: I thought it just follows you?
 38533 | Lair:1   | PolkaDot: Because storms move, you're just the eye of it :s
 38556 | Lair:1   | Acquired Vehumet's third power
 38568 | Lair:1   | dondy: well, i dunnoh exactly but it does that D:
 38575 | Lair:1   | dondy: that was a silly move
 38577 | Lair:1   | Reached skill level 5 in Ice Magic
 38578 | Lair:1   | PolkaDot: it was
 38578 | Lair:1   | PolkaDot: very much
 38578 | Lair:1   | PolkaDot: right
 38578 | Lair:1   | PolkaDot: time for tea
 38578 | Lair:1   | PolkaDot: and I should get dinner on
 38578 | Lair:1   | dondy: hehe
 38578 | Lair:1   | dondy: you do that!
 38578 | Lair:1   | PolkaDot: it means I'm not focusing
 38578 | Lair:1   | PolkaDot: and
 38578 | Lair:1   | PolkaDot: the going is good
 38578 | Lair:1   | PolkaDot: gotta keep it good :)
 38769 | Lair:1   | dondy: WAAIT
 38769 | Lair:1   | PolkaDot: just healing before leaving xD
 38769 | Lair:1   | PolkaDot: see dat rhyme? ;D
 38769 | Lair:1   | dondy: http://www.youtube.com/watch?v=HgzGwKwLmgM
 38771 | Lair:1   | dondy: NANANANAAAA
 38778 | Lair:1   | dondy: rhymes on -ing are really lame :p
 38784 | Lair:1   | dondy: you look dead
 38786 | Lair:1   | dondy: maybe blink ?
 38787 | Lair:1   | dondy: or that
 39335 | D:8      | PolkaDot: wall was on the wrong side of me
 39335 | D:8      | dondy: well, have a nice dinner! :3
 39335 | D:8      | PolkaDot: I'd have probably blinked back at the frog's
 39335 | D:8      | PolkaDot: right, before I do something else stupid
 39335 | D:8      | PolkaDot: see you later!
 39335 | D:8      | PolkaDot: :)
 39335 | D:8      | dondy: i was thinking of cblink scroll
 39335 | D:8      | dondy: but yeah
 39335 | D:8      | dondy: see yah! :)
 40348 | Lair:1   | Offered knowledge of Lightning Bolt by Vehumet.
 41719 | Lair:1   | Learned a level 5 spell: Lightning Bolt
 41719 | Lair:1   | PolkaDot: hi there
 41719 | Lair:1   | PolkaDot: LB :)
 41721 | Lair:2   | PolkaDot: that means clouds are close by
 41721 | Lair:2   | PolkaDot: (veh gift-wise)
 41736 | Lair:2   | dondy: not dead yet, hu?
 41737 | Lair:2   | PolkaDot: not quite xP
 41737 | Lair:2   | dondy: then CHARRGEEE!!!
 41737 | Lair:2   | PolkaDot: Icicle is awesome
 41752 | Lair:2   | dondy: icicle will stay awesome up until zot including
 41939 | Lair:1   | PolkaDot: :o
 41939 | Lair:1   | PolkaDot: :D
 42260 | Lair:2   | dondy: D:
 42261 | Lair:2   | dondy: o:
 42261 | Lair:2   | PolkaDot: what?
 42288 | Lair:2   | dondy: i dunnoh, CHAARRGE!
 42300 | Lair:1   | PolkaDot: xD
 42300 | Lair:1   | PolkaDot: NU
 42312 | Lair:1   | dondy: SHUSH! ATTAAAAACK!
 42474 | Lair:1   | PolkaDot: NU
 42474 | Lair:1   | PolkaDot: BLASTY BLASTY
 42499 | Lair:1   | Somebody: Put on an amulet of Clarity, you. You might have some leftower Berserkits. :)
 42553 | Lair:1   | dondy: https://www.youtube.com/watch?v=IQiWtNIyG5k
 42555 | Lair:2   | dondy: hehehe, i'm just feeling rather xom'ish :>
 42555 | Lair:2   | PolkaDot: xD
 42683 | Lair:2   | dondy: i wish i could just put people in horrible situations and scare them shitless :>
 42684 | Lair:2   | Somebody: Send a couple of merry Fiends his way, then.
 42684 | Lair:2   | PolkaDot: xD
 42684 | Lair:2   | PolkaDot: One at a time plox ;)
 42720 | Lair:2   | dondy: also, ewwwh, lightning bolt ;o
 42732 | Lair:2   | PolkaDot: Butbutbut
 42732 | Lair:2   | PolkaDot: POWAH
 42886 | Lair:1   | dondy: bat form
 42914 | Lair:1   | dondy: swiftness < bat form
 43135 | Lair:1   | PolkaDot: Swiftness plus bat form... Is good escape if stairs are nearby
 43135 | Lair:1   | PolkaDot: and things are anot adjacent
 43156 | Lair:2   | dondy: you get a really meager increase of speed for batform using swiftness i'd say
 43162 | Lair:2   | PolkaDot: Ah
 43162 | Lair:2   | PolkaDot: They are already at minimal movement delay ^^;
 43162 | Lair:2   | PolkaDot: bat form ftw!
 43206 | Lair:2   | dondy: actually, you get nothing... lol
 43210 | Lair:2   | dondy: but you do get the slow xD
 43210 | Lair:2   | PolkaDot: XD
 43210 | Lair:2   | PolkaDot: No swfitness for me then :D
 43358 | Lair:2   | Somebody: I'll get back to my character. Take care.
 43358 | Lair:2   | PolkaDot: 'kay o/
 43358 | Lair:2   | dondy: gl somebody!
 43358 | Lair:2   | PolkaDot: I have mail, so I'll be a moment
 43935 | Lair:2   | Somebody: Hasted ettin sumulaca can kill Liches. ...out of your LOS. Even when the former are supported by a couple of demons.
 43935 | Lair:2   | Somebody: That's almost too good to be true.
 43935 | Lair:2   | PolkaDot: Ettin ftw
 44001 | Lair:2   | Somebody: Pick up the Immolation scroll. It's *really* good.
 44001 | Lair:2   | PolkaDot: Sure
 44001 | Lair:2   | PolkaDot: AFTER I kill the spiny frog :p
 44001 | Lair:2   | PolkaDot: Also, I'm sketchy about using
 44001 | Lair:2   | PolkaDot: because if anything gets too close... Ouch >.>
 44001 | Lair:2   | PolkaDot: and I don't have rF yet
 44001 | Lair:2   | Somebody: "The Lernaean Hydra looks frightened!"
 44001 | Lair:2   | Somebody: "The Lernaean Hydra explodes!"
 44001 | Lair:2   | PolkaDot: nice :)
 44001 | Lair:2   | PolkaDot: Must have been a huge explosion
 44001 | Lair:2   | PolkaDot: because that's a biiig hydra
 44002 | Lair:2   | Somebody: The size of TSO's cleansing flame blast. :)
 44070 | Lair:2   | Offered knowledge of Poisonous Cloud by Vehumet.
 44113 | Lair:2   | Somebody: Good gift.
 44113 | Lair:2   | PolkaDot: cloud spells <3
 44113 | Lair:2   | Somebody: I am considering amnesiating my own copy of P.Cloud to try and get Tornado.
 44113 | Lair:2   | PolkaDot: Wel, there is a point wre P.Cloud stops being so useful...
 44113 | Lair:2   | PolkaDot: where*
 44114 | Lair:2   | Somebody: Ascention? Extended game?
 44114 | Lair:2   | Somebody: It'll be useful even at Zot.
 44114 | Lair:2   | Somebody: ...but so far, very little of what is dangerous to tme at this point is living and vulnerable to it.
 44114 | Lair:2   | dondy: hardly any spell is useful in the ascension :p
 44114 | Lair:2   | dondy: also in zot stuff casts it so often you don't need it :D
 44114 | Lair:2   | Somebody: ;)
 44114 | Lair:2   | PolkaDot: xD
 44114 | Lair:2   | Somebody: ...so far, very little of what is dangerous to tme at this point is living *and* vulnerable to poison.
 44115 | Lair:2   | Somebody: That's good.
 44122 | Lair:2   | dondy: hmm, oh btw. didn't you get enslave undead thingy?
 44131 | Lair:2   | dondy: you should've used that against the curse skull
 44140 | Lair:2   | Somebody: I have not.
 44160 | Lair:2   | Somebody: I have opted for Haste instead.
 44166 | Lair:2   | Somebody: Don't die.
 44172 | Lair:2   | dondy: why did you mooove it's faster than youuuuu
 44174 | Lair:2   | PolkaDot: um
 44174 | Lair:2   | PolkaDot: because of the crowd of things advancing on me?
 44174 | Lair:2   | dondy: and the centipede does jack shit
 44174 | Lair:2   | PolkaDot: Elephants.
 44174 | Lair:2   | PolkaDot: No.
 44174 | Lair:2   | PolkaDot: Not with a mamba
 44174 | Lair:2   | PolkaDot: I moved too far, yes
 44174 | Lair:2   | Somebody: Yes, centipede's poison was one of your main concerns at this point. :)
 44174 | Lair:2   | PolkaDot: I did move too far, because silly irrational panic
 44174 | Lair:2   | PolkaDot: but, lesson learned
 44174 | Lair:2   | dondy: hmm...
 44174 | Lair:2   | Somebody: I think you might have deserved to die.
 44174 | Lair:2   | dondy: gotto find something
 44174 | Lair:2   | PolkaDot: xD
 44174 | Lair:2   | PolkaDot: all death's in crawl are desrved
 44174 | Lair:2   | PolkaDot: because 95% of them are our fault ;p
 44280 | Lair:2   | Somebody: ...I'll get to read my character's "Ouch!" log.
 44301 | Lair:2   | Somebody: Another useful thing to have in your rc file.
 44344 | Lair:2   | dondy: http://ars.userfriendly.org/cartoons/?id=20131103 this
 44344 | Lair:2   | dondy: totally need to implement and sell that to polkadot
 44344 | Lair:2   | dondy: to stop him from doing stupid stuff
 44344 | Lair:2   | PolkaDot: xD
 44344 | Lair:2   | PolkaDot: meanie-pants xP
 44352 | Lair:2   | Reached XP level 12. HP: 65/74 MP: 8/29
 44372 | Lair:2   | dondy: also, i wouldn't say that all deaths are deserved - my MiDK died by unwielding a disto dagger on d:6
 44376 | Lair:2   | dondy: that's hardly deserved, distortion brand just shouldn't exist :p
 44376 | Lair:2   | PolkaDot: ...
 44376 | Lair:2   | PolkaDot: deserved, never unwield with less than fifty hp ;p
 44376 | Lair:2   | PolkaDot: unwield distort with less than that, I mean
 44376 | Lair:2   | PolkaDot: and even then, abyss'll get you ;p
 44376 | Lair:2   | dondy: oh he survived the unwield effect but died to a daeva in abyss 1 :p
 44376 | Lair:2   | PolkaDot: xD
 44376 | Lair:2   | PolkaDot: ouch ^_^;
 44376 | Lair:2   | dondy: because it was d:6 and he had 2 tele scrolls
 44538 | Lair:2   | PolkaDot: totes survivable ;p
 44557 | Lair:2   | dondy: though one thing i would accept: don't wield stuff you won't actively use anytime
 44585 | Lair:2   | dondy: a randart dagger was still way too interresting
 44591 | Lair:2   | dondy: tab it or batform
 44622 | Lair:2   | dondy: static discharge would've also been a option
 44622 | Lair:2   | PolkaDot: ...
 44622 | Lair:2   | PolkaDot: good point
 44622 | Lair:2   | PolkaDot: stil ldoable
 44622 | Lair:2   | PolkaDot: is fine
 44643 | Lair:1   | PolkaDot: was a small experiment
 44643 | Lair:1   | PolkaDot: ... elephants are bad ^^;
 44768 | Lair:1   | dondy: well, imma go eat :3
 44976 | Lair:1   | PolkaDot: enjoy o/
 44976 | Lair:1   | dondy: don't die when i'm not watching! I TRUST YOU :P
 44976 | Lair:1   | PolkaDot: I'll not die ;)
 45787 | Lair:3   | Got a steaming leather armour
 45788 | Lair:3   | Identified the +0 leather armour of Lies {rC+ MR++ Str-2} (You found it on level 3 of the Lair of Beasts)
 46740 | Lair:3   | Found a hole to the Spider Nest.
 46744 | Lair:3   | Reached skill level 10 in Spellcasting
 47646 | Lair:4   | Learned a level 6 spell: Poisonous Cloud
 47721 | Lair:4   | Noticed a four-headed hydra
 47726 | Lair:4   | Killed a four-headed hydra
 47726 | Lair:4   | Reached skill level 1 in Poison Magic
 48455 | Lair:4   | Gained mutation: You can spit poison. [potion of beneficial mutation]
 48898 | Lair:4   | dondy: SOOOOO
 48898 | Lair:4   | dondy: you managed to not die yet
 48898 | Lair:4   | PolkaDot: P.Cloud <3
 48898 | Lair:4   | dondy: gud
 48898 | Lair:4   | PolkaDot: apparently
 48898 | Lair:4   | dondy: then... CHAAAARGE! ;}
 48898 | Lair:4   | PolkaDot: went up to alive to garuntee Benemut
 48898 | Lair:4   | PolkaDot: hungering down with P.Cloud ;)
 49078 | Lair:4   | dondy: lol
 49108 | Lair:4   | PolkaDot: there was also a moment with some link frogs
 49108 | Lair:4   | PolkaDot: blink*
 49108 | Lair:4   | dondy: link frogs x3
 49108 | Lair:4   | PolkaDot: xD
 49108 | Lair:4   | dondy: http://ribbit!
 49108 | Lair:4   | PolkaDot: But there was a handy corridor :D
 49146 | Lair:4   | dondy: your defense looks horrible btw.
 49146 | Lair:4   | PolkaDot: ~I know
 49146 | Lair:4   | PolkaDot: Need dodging
 49146 | Lair:4   | PolkaDot: NEED
 49146 | Lair:4   | PolkaDot: getting P.Cloud properly castable
 49146 | Lair:4   | dondy: but i guess that problem is a given when you train -3 apt skills
 49146 | Lair:4   | PolkaDot: then focusing dodging
 49146 | Lair:4   | PolkaDot: skill
 49146 | Lair:4   | PolkaDot: not skills
 49146 | Lair:4   | dondy: details schmetails :p
 49146 | Lair:4   | PolkaDot: Ice and air, which ar emy main elements for damage, ar e0
 49146 | Lair:4   | PolkaDot: Poison is only going to five
 49146 | Lair:4   | dondy: you should really try a proper spellcaster sometime ;}
 49146 | Lair:4   | PolkaDot: I should
 49146 | Lair:4   | PolkaDot: it's gonna fele so overpowered ;p
 49146 | Lair:4   | dondy: if you want to feel bad as a proper spellcaster try tengu
 49148 | Lair:4   | PolkaDot: ??
 49231 | Lair:4   | dondy: they have great cj/air apt but shitty hp/mp
 49234 | Lair:4   | PolkaDot: xD
 49234 | Lair:4   | dondy: DE at least has mp...
 49234 | Lair:4   | PolkaDot: Excellent ;p
 49234 | Lair:4   | PolkaDot: I love a decent challenge
 49700 | Lair:4   | dondy: actually, you need higher power icicle imho
 49703 | Lair:4   | PolkaDot: I do
 49703 | Lair:4   | dondy: and freezing cloud instead of poison
 49703 | Lair:4   | PolkaDot: gotta be careful of this diversity
 49703 | Lair:4   | PolkaDot: I'll probably end up with both clouds
 49703 | Lair:4   | PolkaDot: Although
 49703 | Lair:4   | PolkaDot: not sure if good idea
 49703 | Lair:4   | PolkaDot: well, yes if I get snake or swamp
 49703 | Lair:4   | PolkaDot: I'll need F.cloud for them
 49703 | Lair:4   | PolkaDot: s/need/want
 49703 | Lair:4   | dondy: both clouds sounds rather expensive with little gain
 49703 | Lair:4   | dondy: though you can turn pcloud into a fcloud with ignite poison
 49703 | Lair:4   | dondy: that's kinda neat
 49703 | Lair:4   | PolkaDot: Ohh, unless, I get both for now, and maybe amnesiate P.cloud when it start's being les ssueful or I really need the slots
 49703 | Lair:4   | PolkaDot: fire cloud!
 49732 | Lair:4   | dondy: that was awful...
 49736 | Lair:4   | PolkaDot: I know
 49736 | Lair:4   | PolkaDot: but
 49736 | Lair:4   | PolkaDot: fixable
 50000 | Lair:4   | PolkaDot: wrong button >.<
 50000 | Lair:4   | PolkaDot: never mind :)
 50116 | Lair:4   | dondy: hmm, try on that ringmail
 50120 | Lair:4   | dondy: also, you should really aim pcloud in the way instead of on top of things :p
 50120 | Lair:4   | PolkaDot: ...
 50120 | Lair:4   | PolkaDot: well that's obvious
 50120 | Lair:4   | PolkaDot: *silly feels* >.<
 50366 | Lair:4   | Reached skill level 5 in Poison Magic
 50422 | Lair:4   | dondy: not trying on the ring mail?
 50425 | Lair:4   | dondy: it might have some ac D:
 50476 | Lair:4   | PolkaDot: Hm
 50476 | Lair:4   | PolkaDot: I'll stash it for now
 50476 | Lair:4   | PolkaDot: focus dodging first
 50476 | Lair:4   | dondy: stash wat?
 50476 | Lair:4   | PolkaDot: The ring mail
 50476 | Lair:4   | dondy: uhhh, it's +0 and cursed, no? :p
 50476 | Lair:4   | dondy: why stash that? x3
 50476 | Lair:4   | PolkaDot: >.>
 50476 | Lair:4   | PolkaDot: <.<
 50476 | Lair:4   | dondy: i was more hoping for rP or rF
 50476 | Lair:4   | PolkaDot: rP on demand :p
 50476 | Lair:4   | dondy: or at least +4
 50476 | Lair:4   | PolkaDot: rF would be nice
 50476 | Lair:4   | PolkaDot: we'll see what the game throws up xD
 50477 | Lair:4   | PolkaDot: and cursed is nothing :p
 50534 | Lair:4   | dondy: ring mails are my favourite armour usually, there's plenty and they're usually not poop :3
 50534 | Lair:4   | PolkaDot: xD
 50534 | Lair:4   | PolkaDot: fair enough
 50534 | Lair:4   | dondy: well ofc, besides +14 plate mail...
 50534 | Lair:4   | PolkaDot: That'd be just dandy :D
 50556 | Lair:5   | dondy: aint it? ;}
 50556 | Lair:5   | PolkaDot: well
 50556 | Lair:5   | Somebody: I'd like your opinion on something.
 50556 | Lair:5   | PolkaDot: hm?
 50558 | Lair:5   | dondy: my opinion is yes! :p
 50568 | Lair:5   | Somebody: I am considering how dangeour are 1's to me when I am in the Lich-form.
 50568 | Lair:5   | Somebody: Some things summon them.
 50568 | Lair:5   | PolkaDot: I have no idea
 50568 | Lair:5   | dondy: 1s? which are?
 50568 | Lair:5   | PolkaDot: If I see a 1, I run
 50568 | Lair:5   | Somebody: Is this a reason enought to get Abjuration?
 50568 | Lair:5   | PolkaDot: never been ready to fight one >.>;
 50568 | Lair:5   | PolkaDot: ack, sorry >.<
 50568 | Lair:5   | dondy: i'd rather not get single target abjuration
 50568 | Lair:5   | Somebody: It have happened again.
 50568 | Lair:5   | PolkaDot: I keep forgetting I need to clik the text box not the message window
 50568 | Lair:5   | Somebody: PolkaDot: I can get out of Lich-form and cast DD if things go badly.
 50568 | Lair:5   | dondy: it's awful if it doesn't work and the enemy just summons ANOTHER scary thing
 50568 | Lair:5   | dondy: also, what do 1s usually look like?
 50568 | Lair:5   | PolkaDot: somebody: I don't know enough to give a reasonable opinion
 50568 | Lair:5   | dondy: executioners and the like?
 50568 | Lair:5   | dondy: summon greater demon?
 50568 | Lair:5   | dondy: or fiends?
 50568 | Lair:5   | Somebody: I am immune to Torment when I am in Lichform and almost omniresistant regardless. Unless it'a a balrug or a hellion, they are not very threatening.
 50568 | Lair:5   | Somebody: Fiends.
 50568 | Lair:5   | dondy: ahhh
 50570 | Lair:5   | dondy: uhhhm, really just get some more fighting for hp?
 50570 | Lair:5   | dondy: because you can't rhellfire anyways
 50598 | Lair:5   | dondy: also, kill the summoner asap is usually the best solution
 50600 | Lair:5   | dondy: and you have dispel undead
 50651 | Lair:5   | Somebody: My point exactly.
 50653 | Lair:5   | dondy: which should do that well
 50656 | Lair:5   | Somebody: I think I should get more Air, for the Tornado.
 50661 | Lair:5   | Somebody: ...then, I am thinking about cBlink or IOOD.
 50678 | Lair:5   | dondy: cblink is really overrated imho
 50678 | Lair:5   | dondy: it's a really heavy investment
 50678 | Lair:5   | Somebody: How come? It's the closest thing there is in Crawl to the amulet of Lifesaving.
 50678 | Lair:5   | PolkaDot: Provided you have the mp
 50678 | Lair:5   | PolkaDot: and don't miscast
 50678 | Lair:5   | dondy: you need alot of translocation for it
 50678 | Lair:5   | PolkaDot: level 6 spell, it's a lot for just that :s
 50678 | Lair:5   | PolkaDot: blink at 14, with no investment... and you have a LOT more INT than me
 50678 | Lair:5   | dondy: also you have ddoor
 50678 | Lair:5   | PolkaDot: ^
 50678 | Lair:5   | dondy: not that i ever used it but it sounds alot like that would be rather redundant with ddoor and haste
 50678 | Lair:5   | dondy: i didn't even use cblink on my DEFE of Chei...
 50684 | Lair:5   | dondy: besides once i think ... for giggles
 50745 | Lair:5   | dondy: you probably would prefer tele
 50745 | Lair:5   | Somebody: This was strange of you. :) Did you at least have it memorized?
 50745 | Lair:5   | dondy: in most situations
 50747 | Lair:5   | dondy: ofc i had it memorized
 50755 | Lair:5   | Somebody: Yes, cTele is also an option. I can cast it reliably at this point.
 50755 | Lair:5   | dondy: i didn't have ctele
 50815 | Lair:5   | Got a jewelled cloak
 50819 | Lair:5   | Identified the +1 cloak "Moinaicw" {Dex+4 Int-3 Acc+4 Curse} (You found it on level 5 of the Lair of Beasts)
 50819 | Lair:5   | dondy: a tele ring is good enough - just spam it until you're safe xD
 50819 | Lair:5   | Somebody: You have made your point, I think I might have to stop asking you for advice. :)
 50819 | Lair:5   | dondy: heh :>
 50819 | Lair:5   | PolkaDot: you've usually got pretty good evoc skill too, so you probs don't even need to invest anymore;)
 50820 | Lair:5   | dondy: oh well, i'm not a good player too, but that's my opinion :3
 50820 | Lair:5   | Somebody: I have no Evocations whatsoever. ;)
 50820 | Lair:5   | PolkaDot: xD
 50820 | Lair:5   | Somebody: I have always used Sublimations for MP restoration.
 50820 | Lair:5   | PolkaDot: of course
 50820 | Lair:5   | PolkaDot: wasn't a cboe reference xP
 50980 | Lair:5   | Somebody: I'll think about it, but the first order of business is Tornado.
 51028 | Lair:5   | Somebody: (It'll also help to keep stuff conveniently out of my melee range most of the time.)
 51028 | Lair:5   | PolkaDot: :D
 51030 | Lair:5   | Somebody: I am considering amnesiating Haunt, by the way.
 51034 | Lair:5   | dondy: good idea
 51041 | Lair:5   | Somebody: Most of the dangerous things that warrant casting it Abjur too heavily and efficiently for it be good any more.
 51044 | Lair:5   | Reached XP level 13. HP: 79/79 MP: 19/31
 51196 | Lair:5   | dondy: dots
 51199 | Lair:5   | dondy: you have rpois - yes :}
 51203 | Lair:5   | PolkaDot: dondy
 51203 | Lair:5   | Somebody: PolkaDot: Please don't die foolishly again.
 51203 | Lair:5   | PolkaDot: Vp
 51203 | Lair:5   | PolkaDot: rP on demand
 51207 | Lair:5   | dondy: i was just saying that you could cast it on yourself because i didn't like where you aimed at :p
 51219 | Lair:5   | Somebody: Good job. :)
 51219 | Lair:5   | PolkaDot: xD
 51219 | Lair:5   | PolkaDot: I live, I'm happy :)
 51244 | Lair:5   | dondy: but i had to say it fast so ....
 51365 | Lair:5   | PolkaDot: yeah
 51365 | Lair:5   | PolkaDot: it's fine
 51365 | Lair:5   | PolkaDot: target myself and run backwards
 51365 | Lair:5   | PolkaDot: ^^;
 51399 | Lair:5   | dondy: just don't do it with icicle, that doesn't work that well
 51400 | Lair:5   | PolkaDot: xD
 51403 | Lair:5   | dondy: i mean it works ...
 51408 | Lair:5   | Somebody: I have also found a wand of HW and recharged it up to (9), but I don't think I'll risk the Trove until I get another one.
 51408 | Lair:5   | PolkaDot: casting Icicle on myself?
 51408 | Lair:5   | dondy: and running backwards!
 51408 | Lair:5   | dondy: xD
 51408 | Lair:5   | PolkaDot: XD
 51408 | Lair:5   | Somebody: ...in circles.
 51408 | Lair:5   | dondy: i would giggle...
 51429 | Lair:5   | dondy: "You will never get me alive!" *hits self with icicle*
 51540 | Lair:5   | PolkaDot: XD
 51540 | Lair:5   | PolkaDot: silly mooses
 51549 | Lair:5   | Somebody: He is not alive.
 51554 | Lair:5   | dondy: point taken...
 51571 | Lair:5   | dondy: quaff some more blood please so my sentence works :p
 51578 | Lair:5   | Somebody: It will be more amusing this way — "You will never get me undead!" Quaffs a potion of blood.
 51653 | Lair:5   | Somebody: Yes. :)
 51674 | Lair:5   | dondy: hehehe
 51703 | Lair:5   | dondy: dots, that wasn't a icicle :p
 51711 | Lair:5   | PolkaDot: :P
 51786 | Lair:5   | dondy: stop diverting from our game plan! :p
 52011 | Lair:5   | dondy: btw. why don't you quaff anything? :p
 52012 | Lair:5   | PolkaDot: like?
 52012 | Lair:5   | Somebody: Take care.
 52012 | Lair:5   | dondy: blood
 52012 | Lair:5   | Somebody: I will be back to my character.
 52012 | Lair:5   | dondy: or the corpses you left :p
 52012 | Lair:5   | PolkaDot: Because I have blood
 52012 | Lair:5   | dondy: cya somebody :)
 52012 | Lair:5   | PolkaDot: and will restock
 52012 | Lair:5   | PolkaDot: but
 52012 | Lair:5   | PolkaDot: it's only useful for healing
 52015 | Lair:5   | Offered knowledge of Freezing Cloud by Vehumet.
 52032 | Lair:5   | dondy: you're not at full hp and you're bloodless :p
 52036 | Lair:5   | PolkaDot: 4 hp
 52036 | Lair:5   | PolkaDot: I'm sure I'l llive xP
 52127 | Lair:5   | dondy: >.>
 52136 | Lair:5   | dondy: famous last words!
 52164 | Lair:5   | dondy: ty :p
 52164 | Lair:5   | PolkaDot: XD
 52165 | Lair:5   | Found a staircase to the Shoals.
 52490 | Lair:5   | Got a twisted hand axe
 52491 | Lair:5   | Identified the +9,+9 hand axe of Noon {speed, rF+} (You found it on level 5 of the Lair of Beasts)
 52492 | Lair:5   | PolkaDot: there's my rF
 52492 | Lair:5   | dondy: that's pretty nice
 52492 | Lair:5   | PolkaDot: and it's speed
 52492 | Lair:5   | PolkaDot: and +9
 52492 | Lair:5   | PolkaDot: I won't train it
 52492 | Lair:5   | dondy: but a handaxe :/
 52492 | Lair:5   | dondy: use it against a hydra XD
 52492 | Lair:5   | PolkaDot: ...
 52492 | Lair:5   | PolkaDot: XD
 52492 | Lair:5   | PolkaDot: I thought it wa smore than -1
 52492 | Lair:5   | dondy: what could possibly go wrong? >.>
 52492 | Lair:5   | PolkaDot: ...
 52492 | Lair:5   | PolkaDot: I'll leave it for now
 52492 | Lair:5   | PolkaDot: do fighting first
 52492 | Lair:5   | dondy: it's a handaxe, why would you train for it?
 52492 | Lair:5   | PolkaDot: aaaaaaxed
 52492 | Lair:5   | dondy: even with speed
 52492 | Lair:5   | PolkaDot: CHOPPY CHOPPY CHOPPY
 52497 | Lair:5   | dondy: choppy choppy hydra heads ;}
 52542 | Lair:5   | PolkaDot: NU
 52542 | Lair:5   | PolkaDot: bad dondy!
 52542 | Lair:5   | PolkaDot: *bops*
 52582 | Lair:5   | dondy: but but :<
 52625 | Lair:5   | PolkaDot: xP
 52625 | Lair:5   | dondy: you like 27 headed hydras, no? :<
 52627 | Lair:5   | dondy: i do :<
 52742 | Lair:5   | dondy: they go well with animate skeleton :>
 53021 | Lair:5   | Reached skill level 11 in Spellcasting
 53102 | Lair:5   | PolkaDot: xD
 53102 | Lair:5   | PolkaDot: but DOOOOOOM
 53155 | Lair:6   | dondy: details schmetails ~
 53306 | Lair:6   | PolkaDot: I have errands to do
 53306 | Lair:6   | PolkaDot: before L:6
 53306 | Lair:6   | dondy: kk
 53306 | Lair:6   | PolkaDot: so
 53306 | Lair:6   | dondy: cya :3
 53306 | Lair:6   | PolkaDot: I shal be back SOOOON
 53306 | Lair:6   | PolkaDot: for more DOOOOOM
 53306 | Lair:6   | PolkaDot: :3
 54388 | Lair:6   | Offered knowledge of Poison Arrow by Vehumet.
 55986 | Lair:6   | Reached skill level 5 in Dodging
 56264 | Lair:7   | Found a staircase to the Slime Pits.
 56273 | Lair:7   | Reached skill level 10 in Air Magic
 57722 | Lair:7   | Offered knowledge of Bolt of Fire by Vehumet.
 58389 | Lair:7   | Reached XP level 14. HP: 35/85 MP: 27/33
 58881 | Lair:7   | Reached skill level 10 in Ice Magic
 59345 | Lair:8   | Entered Level 8 of the Lair of Beasts
 62158 | Lair:8   | Offered knowledge of Conjure Ball Lightning by Vehumet.
 63055 | Lair:8   | Reached skill level 12 in Air Magic
 63077 | Lair:8   | Somebody: Steam dragon armour?
 63077 | Lair:8   | PolkaDot: yep :)
 63156 | Lair:8   | Somebody: Also, weapon.
 63164 | Lair:8   | PolkaDot: yep
 63164 | Lair:8   | Somebody: What do you have otherwise?
 63164 | Lair:8   | PolkaDot: my only source of rF atm
 63164 | Lair:8   | PolkaDot: I'm dubious about that cloak
 63164 | Lair:8   | PolkaDot: because 3 INT is a lot to me atm >.>
 63164 | Lair:8   | PolkaDot: It does more than wizardry between 17 and 20 ^^;
 63164 | Lair:8   | Somebody: I don't think it's worth it either.
 63164 | Lair:8   | PolkaDot: I'll leave it to one side anyways
 63164 | Lair:8   | PolkaDot: Might get the big spells castable in spite of it
 63164 | Lair:8   | PolkaDot: doubtful though
 63164 | Lair:8   | PolkaDot: and not something I'll aim for
 63486 | Lair:8   | Somebody: Any good mutations?
 63486 | Lair:8   | PolkaDot: spit poison's a bit 'naff, since I'm mostly too thirsty to use it xD
 63486 | Lair:8   | PolkaDot: strength is very good though :)
 63749 | Lair:2   | PolkaDot: Back to Dungeon or into Shoals...
 63749 | Lair:2   | PolkaDot: something to think about while I get food and tea :)
 63749 | Lair:2   | PolkaDot: (probably D though)
 63749 | Lair:2   | Somebody: I am thinking of going into the Pandemonium.
 63749 | Lair:2   | Somebody: Come take a look.
 63749 | Lair:2   | PolkaDot: :o
 63749 | Lair:2   | PolkaDot: sure
 63801 | D:10     | Entered Level 10 of the Dungeon
 64126 | D:10     | Found a staircase to the Orcish Mines.
 64537 | D:10     | Offered knowledge of Bolt of Cold by Vehumet.
 64666 | D:10     | Noticed Psyche
 64673 | D:10     | Killed Psyche
 65829 | D:11     | Found a shattered altar of Ashenzari.
 66296 | D:11     | Noticed Joseph
 66346 | D:11     | Killed Joseph
 67025 | D:11     | Noticed Erolcha
 67036 | D:11     | Killed Erolcha
 67271 | D:11     | Reached XP level 15. HP: 62/90 MP: 19/34
 67732 | D:11     | Learned a level 6 spell: Bolt of Cold
 68012 | D:11     | Noticed Josephine
 68027 | D:11     | Killed Josephine
 69500 | D:12     | Offered knowledge of Ozocubu's Refrigeration by Vehumet.
 70603 | D:13     | Noticed Harold
 70607 | D:13     | Killed Harold
 71244 | D:13     | Noticed Fannar
 71256 | D:13     | Killed Fannar
 71591 | D:13     | Found a blossoming altar of Fedhas.
 73097 | D:14     | Noticed Nessos
 73132 | D:14     | Killed Nessos
 74315 | D:14     | Reached skill level 13 in Air Magic
 74414 | D:14     | Offered knowledge of Ice Storm by Vehumet.
 74414 | D:14     | Offered knowledge of Shatter by Vehumet.
 74414 | D:14     | Offered knowledge of Tornado by Vehumet.
 74749 | D:14     | Found a gate to the Vaults.
 74836 | D:15     | Entered Level 15 of the Dungeon
 75819 | D:15     | Somebody: Doing well I assume?
 75819 | D:15     | PolkaDot: Quite :)
 75819 | D:15     | PolkaDot: The power :)
 75819 | D:15     | Somebody: I have come back and cleared the Hell's Vestibule.
 75819 | D:15     | Somebody: Nice.
 75819 | D:15     | PolkaDot: Ice storm is gonna take a while
 75819 | D:15     | PolkaDot: :o
 75819 | D:15     | PolkaDot: Nice, dealing with those demons well, then?
 75819 | D:15     | Somebody: Not very well, but manageable.
 75852 | D:15     | PolkaDot: ah
 75852 | D:15     | PolkaDot: fair enough
 75967 | D:15     | Found Gaushru's Magical Wand Emporium.
 75974 | D:15     | Somebody: I have forgot that Haunt does *very* good damage if I give it time and nothing Abjures my summoned servants.
 75974 | D:15     | Bought a wand of hasting (7) for 924 gold pieces
 75975 | D:15     | PolkaDot: :D
 75990 | D:15     | Noticed Rupert
 75991 | D:15     | PolkaDot: ... I hate Rupert D;
 75992 | D:15     | Somebody: He makes for a very good zombie. Strong, wields a good weapon.
 75993 | D:15     | Somebody: Ah, yes. VpCj.
 75994 | D:15     | Somebody: :)
 75994 | D:15     | PolkaDot: You do know zombies only have the HD of their base-type? :p
 75994 | D:15     | PolkaDot: (I am reasonably sure of that)
 75994 | D:15     | PolkaDot: his weapon is good though
 76008 | D:15     | Somebody: Yes, they do.
 76009 | D:15     | PolkaDot: Human's are quite strong though :)
 76009 | D:15     | PolkaDot: Good for midgameish
 76009 | D:15     | PolkaDot: I think
 76009 | D:15     | PolkaDot: ^^;;
 76015 | D:15     | Somebody: Lovely.
 76031 | D:15     | Killed Rupert
 76032 | D:15     | PolkaDot: Poison ftw
 76032 | D:15     | Somebody: He did not survive the P.Cloud, I take it.
 76048 | D:15     | PolkaDot: Nope
 76048 | D:15     | PolkaDot: would have enjoyed watchign him die
 76048 | D:15     | PolkaDot: but I was not gonna be petrified by a seriously pissed of Rupert xD
 76048 | D:15     | PolkaDot: nearby a*
 76129 | D:15     | Somebody: I imagine.
 76131 | D:15     | PolkaDot: :D
 76240 | D:15     | Somebody: I think I now have enough free spell levels to memorize Tornado.
 76283 | D:15     | PolkaDot: :D
 76287 | D:15     | Somebody: Let's see what denizens of the Pandemonium will think about *that*.
 76290 | D:15     | PolkaDot: Muahahaha!
 76367 | D:15     | Somebody: Good patience. :)
 76396 | D:15     | PolkaDot: and you! :)
 76401 | D:15     | Found a portal to a secret trove of treasure.
 76847 | D:16     | Entered Level 16 of the Dungeon
 79114 | D:16     | Reached skill level 14 in Air Magic
 79149 | D:16     | Reached XP level 16. HP: 55/96 MP: 3/36
 79328 | D:16     | Found a staircase to the Depths.
 79953 | D:16     | Shot with a bolt of flame by a yaktaur

Action                   |  1- 3 |  4- 6 |  7- 9 | 10-12 | 13-15 | 16-18 || total
-------------------------+-------+-------+-------+-------+-------+-------++-------
Melee: Unarmed           |    20 |     5 |       |       |     2 |       ||    27
       Long sword        |       |     1 |    80 |    72 |       |       ||   153
       Scimitar          |       |       |       |   195 |    20 |       ||   215
       Hand axe          |       |       |       |       |   219 |       ||   219
       Staff             |       |       |       |       |    30 |       ||    30
 Cast: Magic Dart        |    53 |    23 |    40 |     3 |       |       ||   119
       Searing Ray       |     4 |    27 |   107 |   136 |    30 |     2 ||   306
       Iskenderun's Myst |       |       |     1 |       |       |       ||     1
       Fulminant Prism   |       |       |     4 |    43 |       |       ||    47
       Throw Icicle      |       |       |     1 |   172 |   323 |     7 ||   503
       Throw Flame       |       |       |       |    16 |       |       ||    16
       Airstrike         |       |       |       |    64 |   392 |     9 ||   465
       Static Discharge  |       |       |       |    26 |    15 |       ||    41
       Blink             |       |       |       |     2 |     3 |       ||     5
       Shock             |       |       |       |     2 |       |       ||     2
       Poisonous Cloud   |       |       |       |    20 |   295 |     6 ||   321
       Lightning Bolt    |       |       |       |       |    12 |     1 ||    13
       Bolt of Cold      |       |       |       |       |    28 |     5 ||    33
Invok: Renounce Religion |       |       |     1 |       |       |       ||     1
 Abil: Bottle Blood      |       |       |    11 |     7 |     3 |       ||    21
       End Transformatio |       |       |       |     7 |     2 |     1 ||    10
       Bat Form          |       |       |       |     7 |     2 |     1 ||    10
Evoke: Wand              |       |     2 |     8 |    16 |     7 |     1 ||    34
  Use: Potion            |     7 |     3 |    13 |    16 |    12 |       ||    51
       Scroll            |       |     6 |    16 |    17 |    23 |       ||    62
 Stab: Invisible         |     2 |       |     1 |     1 |     5 |       ||     9
       Sleeping          |       |     1 |     5 |     7 |       |       ||    13
